 Dungeon Crawl Stone Soup version 0.27-a0-291-gd9602db6ee (webtiles) character file.

Game seed: 384521000495571379

235 lunkers the Digger (level 5, -1/38 HPs)
             Began as a Demigod Earth Elementalist on Feb 9, 2021.
             Killed by divine providence
             ... invoked by an orc priest
              (10 damage)
             ... on level 4 of the Dungeon.
             The game lasted 00:05:48 (4237 turns).

lunkers the Digger (Demigod Earth Elementalist)     Turns: 4237, Time: 00:05:49

Health: -1/38      AC:  3    Str: 11    XL:     5   Next: 47%
Magic:  0/12       EV: 12    Int: 21    God:
Gold:   190        SH:  0    Dex: 16    Spells: 4/10 levels left

rFire    . . .     SeeInvis .   b - +0 spear (vorpal)
rCold    . . .     Faith    .   (no shield)
rNeg     . . .     Spirit   .   c - +0 robe
rPois    .         Reflect  .   (no helmet)
rElec    .         Harm     .   (no cloak)
rCorr    .         Rampage  .   (no gloves)
Will     .....                  m - +0 pair of boots
Stlth    ++........             (no amulet)
HPRegen  0.12/turn              p - ring of flight
MPRegen  0.13/turn              (no ring)

@: no status effects
A: high mp 1
a: Evoke Flight


You were on level 4 of the Dungeon.
You visited 1 branch of the dungeon, and saw 4 of its levels.

You collected 190 gold pieces.

Inventory:

Hand Weapons
 b - a +0 vorpal spear (weapon)
Missiles
 o - 77 stones
Armour
 c - a +0 robe (worn)
 m - a +0 pair of boots (worn)
Jewellery
 k - an uncursed ring of ice
 p - a ring of flight (left hand)
Wands
 l - a wand of random effects (9)
Scrolls
 e - 3 scrolls of teleportation {unknown}
 f - 3 scrolls of noise {unknown}
 g - 3 scrolls of enchant armour {unknown}
 h - 5 scrolls of identify {unknown}
 r - a scroll of remove curse {unknown}
 s - 2 scrolls of amnesia {unknown}
 t - a scroll of blinking {unknown}
Potions
 a - 4 potions of might {unknown}
 d - 2 potions of curing {unknown}
 i - 2 potions of haste {unknown}
 j - a potion of invisibility {unknown}
 n - 3 potions of brilliance {unknown}
 q - a potion of lignification {unknown}
 u - 3 potions of flight {unknown}


   Skills:
 - Level 1.7 Dodging
 - Level 1.7 Stealth
 + Level 3.2 Spellcasting
 - Level 0.8 Transmutations
 * Level 5.1 Earth Magic


You had 4 spell levels left.
You knew the following spells:

 Your Spells              Type           Power        Failure   Level
a - Stone Arrow           Conj/Erth      28%          14%         3
b - Passwall              Tmut/Erth      13%          6%          2
c - Sandblast             Erth           50%          1%          1

Your spell library contained the following spells:

 Spells                   Type           Power        Failure   Level
 Beastly Appendage        Tmut           14%          9%          1
 Wereblood                Tmut           7%           14%         2
 Spider Form              Tmut/Pois      2%           32%         3
 Petrify                  Tmut/Erth      16%          36%         4
 Ice Form                 Ice/Tmut       5%           73%         4
 Lee's Rapid Deconstruct  Erth           12%          41%         5
 Blade Hands              Tmut           3%           94%         5


Dungeon Overview and Level Annotations

Branches:
Dungeon (4/15)
 Temple: D:4-7


Innate Abilities, Weirdness & Mutations

You have an increased reservoir of magic. (+10% MP)


Message History

Beogh smites you!
* * * LOW HITPOINT WARNING * * *
There is an open door here.
A magic dart appears from out of thin air!
The magic dart hits you!
* * * LOW HITPOINT WARNING * * *
Casting: Sandblast (safe; 1% risk of failure)
Confirm with . or Enter, or press ? or * to list all spells.
Aiming: Sandblast (safe; 1% risk of failure)
Press: ? - help, Shift-Dir - straight line, f - orc
Aim: an orc, wearing a +0 chain mail (14% to evade)
The blast of sand hits the orc.
The orc is severely wounded.
* * * LOW MAGIC WARNING * * *
The orc priest looks braver for a moment.
Unknown command.
Unknown command.
The orc priest calls down the wrath of Beogh upon you.
Beogh smites you!
You die...

#.....#.....# #.....#.....#
#.....#.....#######
####.....#....†......#
#..#.....#...........#
#..#.....#...........# #
#..#.....'...........#
#..###..#.....#.....##....#
#...).oo'..@..########....#
#..)#...#.....# #....#
.....######.....# #....#
.... #..........# #....#
...
#.....##'##########....# .#
#.....#....#...........#
........#....#...........#
........#...##.....##....#
........######.....##....#


You could see an orc priest and an orc.

Vanquished Creatures
  An orc priest (D:4)
  An orc wizard (D:4)
  2 worker ants
  6 adders
  An ooze (D:2)
  2 worms (D:2)
  4 dart slugs
  2 leopard geckos
  An orc (D:3)
  7 bats
  5 giant cockroaches
  7 goblins
  6 hobgoblins
  6 jackals
  5 kobolds
  A quokka (D:2)
  A frilled lizard (D:1)
  A quokka skeleton (D:4)
  6 rats
65 creatures vanquished.

Vanquished Creatures (others)
  A hobgoblin (D:1)
1 creature vanquished.

Grand Total: 66 creatures vanquished

Notes
Turn   | Place    | Note
-------+----------+-------------------------------------------
     0 | D:1      | lunkers the Demigod Earth Elementalist began the quest for
                  | the Orb.
     0 | D:1      | Reached XP level 1. HP: 14/14 MP: 5/5
   319 | D:1      | Reached skill level 3 in Earth Magic
   338 | D:1      | Reached XP level 2. HP: 20/20 MP: 1/7
  1117 | D:2      | Learned a level 2 spell: Passwall
  1479 | D:2      | Reached XP level 3. HP: 26/26 MP: 9/9
  1500 | D:2      | Learned a level 3 spell: Stone Arrow
  2006 | D:2      | Found a glowing golden altar of the Shining One.
  2013 | D:2      | Found an ancient bone altar of Kikubaaqudgha.
  2019 | D:2      | Found an iron altar of Okawaru.
  2026 | D:2      | Found an opulent altar of Gozag.
  2032 | D:2      | Found a stormy altar of Qazlal.
  2043 | D:2      | Found a burning altar of Makhleb.
  2051 | D:2      | Found a white marble altar of Elyvilon.
  2326 | D:2      | Reached skill level 4 in Earth Magic
  2326 | D:2      | Reached XP level 4. HP: 33/33 MP: 3/10
  4138 | D:4      | Reached XP level 5. HP: 38/38 MP: 5/12
  4224 | D:4      | Reached skill level 5 in Earth Magic
  4237 | D:4      | Killed from afar by an orc priest

Illustrated notes

Levels and vault maps discovered:
D:1:      elethiomel_arrival_maze, layout_loops_ring, lemuel_flame_loot_1
D:2:      layout_basic, grunt_temple_overflow_octagram, minmay_small_reverse_x
D:3:      layout_loops_ring
D:4:      layout_gridville

Skill      XL: |  1  2  3  4  5 |
---------------+----------------+-----
Spellcasting   | 2 3 |  3.2
Earth Magic    | 3 4 5 |  5.1
Dodging        | |  1.7
Stealth        | |  1.7
Transmutations | |  0.8

Action                   |  1- 3 |  4- 6 || total
-------------------------+-------+-------++-------
Melee: Unarmed           |     5 |       ||     5
       Spear             |    49 |    24 ||    73
 Cast: Sandblast         |    31 |    11 ||    42
       Stone Arrow       |     7 |    20 ||    27
 Stab: Sleeping          |     3 |     1 ||     4
Armor: Robe              |    10 |     7 ||    17
Dodge: Dodged            |    26 |    30 ||    56

Table legend: (Time is in decaauts)
 A = Elapsed time spent in this place.
 B = Non-inter-level travel time spent in this place.
 C = Inter-level travel time spent in this place.
 D = Time resting spent in this place.
 E = Time spent auto-exploring this place.
 F = Levels seen in this place.
 G = Mean time per level.
                   A        B        C        D        E       F      G
               +--------+--------+--------+--------+--------+-----+--------+
         Total |   4241 |   4167 |     74 |    290 |   3389 |   4 | 1060.2 |
       Dungeon |   4241 |   4167 |     74 |    290 |   3389 |   4 | 1060.2 |
               +--------+--------+--------+--------+--------+-----+--------+

Top non-repeatable levels by time:
     D:2: 1923 daAuts
     D:3: 1093 daAuts
     D:1: 1040 daAuts
     D:4: 184 daAuts
